 Dungeon Crawl Stone Soup version 0.20-a0-1114-g33edf32 (webtiles) character file.

113 graki42 the Covered (level 4, -12/28 HPs)
             Began as a Gargoyle Fighter on May 6, 2017.
             Killed from afar by sergedm's ghost (21 damage)
             ... with an orb of energy
             ... on level 3 of the Dungeon.
             The game lasted 00:03:17 (1278 turns).

graki42 the Covered (Gargoyle Fighter)              Turns: 1278, Time: 00:03:17

Health: -12/28     AC: 11    Str: 25    XL:     4   Next: 96%
Magic:  4/4        EV:  8    Int:  9    God:
Gold:   173        SH:  9    Dex:  9    Spells: 3/3 levels left

rFire    . . .     SeeInvis .   a - +0 flail
rCold    . . .     Gourm    .   c - +0 shield
rNeg     + . .     Faith    .   b - +0 scale mail
rPois    ∞         Spirit   .   (no helmet)
rElec    +         Reflect  .   q - +0 cloak
rCorr    .         Harm     .   (no gloves)
MR       .....                  (no boots)
Stlth    ..........             (no amulet)
Regen    0.1/turn               i - ring of loudness (curse)
MPRegen  0.1/turn               (no ring)

@: mighty
A: negative energy resistance 1, electricity resistance, unbreathing,
petrification resistance, rot immunity, AC +3
a: no special abilities


You were on level 3 of the Dungeon.
You were not hungry.

You visited 1 branch of the dungeon, and saw 3 of its levels.

You collected 173 gold pieces.

Inventory:

Hand Weapons
 a - a +0 flail (weapon)
Armour
 b - a +0 scale mail (worn)
 c - a +0 shield (worn)
 q - a +0 cloak (worn)
Jewellery
 i - a cursed ring of loudness (left hand)
Wands
 n - a wand of random effects (24/48)
Scrolls
 e - a scroll of teleportation {unknown}
 l - a scroll of blinking {unknown}
 m - a scroll of random uselessness {unknown}
Potions
 d - a potion of might
 g - a potion of degeneration {unknown}
 j - a potion of curing {unknown}
 k - 2 potions of haste {unknown}
Comestibles
 f - 3 bread rations
 h - a royal jelly


   Skills:
 + Level 3.6 Fighting
 + Level 3.3 Maces & Flails
 + Level 4.2 Armour
 + Level 0.5 Dodging
 + Level 3.9 Shields


You had 3 spell levels left.
You didn't know any spells.

Dungeon Overview and Level Annotations

Branches:
Dungeon (3/15)

Altars:
Makhleb
Nemelex Xobeh

Annotations:
D:3 sergedm's ghost, amateur DECj


Innate Abilities, Weirdness & Mutations

You are resistant to torment.
Your stone body is resilient. (AC +3)
You are immune to poison.
You resist negative energy. (rN+)
You are resistant to electric shocks. (rElec)
You can survive without breathing.
You are immune to petrification.
You are immune to rotting.


Message History

The goblin shoots a stone.
You block the stone.
Sergedm's ghost points at you and mumbles some strange words.
The magic dart hits you!
You sock sergedm's ghost!
Sergedm's ghost is heavily damaged.
Sergedm's ghost points at you and mumbles some strange words.
The orb of energy hits you!
Ouch! That really hurt!
The orb of energy explodes!
The goblin shoots a stone.
The stone hits you but does no damage.
You sock sergedm's ghost!
Sergedm's ghost is severely damaged.
Sergedm's ghost hits you but does no damage.
The goblin shoots a stone.
The stone barely misses you.
You thump sergedm's ghost!
Sergedm's ghost is almost destroyed.
Sergedm's ghost casts a spell at you. The orb of energy hits you!
Ouch! That really hurt!
You die...

g.W..>........#
.......†...#
.<........#
...#.....## #
####(.# #.##
#...##.....
###g.....#
###.....####
#<@W#.#..#
#.###.##.>..
.>.###.# #....#
...###...#
#....
#..###...###
...# ## ###.###
### ##...#
#..#### #######
#.....####
#......


You could see sergedm's ghost and a goblin.

Vanquished Creatures
  Crazy Yiuf (D:2)
  3 adders (D:2)
  3 dart slugs (D:1)
  2 leopard geckos
  6 goblins
  5 hobgoblins
  5 jackals
  8 kobolds
  A ball python (D:1)
  7 bats
  3 frilled lizards
  5 rats
49 creatures vanquished.

Notes
Turn   | Place    | Note
-------+----------+-------------------------------------------
     0 | D:1      | graki42 the Gargoyle Fighter began the quest for the Orb.
     0 | D:1      | Reached XP level 1. HP: 14/14 MP: 1/1
    78 | D:1      | Reached XP level 2. HP: 15/19 MP: 2/2
   281 | D:1      | Reached XP level 3. HP: 20/23 MP: 3/3
   442 | D:2      | Found a burning altar of Makhleb.
   569 | D:2      | Found a sparkling altar of Nemelex Xobeh.
   597 | D:2      | Reached skill level 4 in Armour
   597 | D:2      | Reached XP level 4. HP: 22/28 MP: 4/4
   794 | D:2      | Found a runed door.
   902 | D:2      | Noticed Crazy Yiuf
   910 | D:2      | Killed Crazy Yiuf
  1028 | D:3      | Noticed sergedm's ghost (amateur DECj)
  1278 | D:3      | Killed from afar by sergedm's ghost

Vault maps used:
D:1:      mainiacjoe_arrival_reflecting_pool
D:2:      nicolae_overflow_crystal_walls, nemelex_xobeh_ov_fountains_minmay,
          minmay_tromino_v4_c, uniq_crazy_yiuf_cottage
D:3:      zin_angel, first_bread

Skill      XL: |  1  2  3  4 |
---------------+-------------+-----
Armour         | 4 |  4.2
Maces & Flails | 3 |  3.3
Fighting       | |  3.6
Dodging        | |  0.5
Shields        | |  3.9

Action                   |  1- 3 |  4- 6 || total
-------------------------+-------+-------++-------
Melee: Flail             |   130 |    87 ||   217
  Use: Potion            |       |     1 ||     1
  Eat: Chunk             |       |     2 ||     2
Armor: Scale mail        |    93 |    68 ||   161
Dodge: Dodged            |    46 |    30 ||    76
Block: Shield            |    84 |    57 ||   141
